Map: Altitude LE

Players

A.I. 1 (Very Easy) - Winner!

  • Race: Protoss Protoss
  • Spawn Location: 1:00

RustyShacky

  • Race: Terran Terran
  • League: Diamond
  • Spawn Location: 7:00

VOD

Have the link to the VOD?

Description

Time

  • Played on: Feb. 19, 2023, 8:34 a.m.
  • Length: 9:56
Show
View Real Time Build Order
Export as new Build Order

A.I. 1 (Very Easy) Protoss - Winner!

Build Orders:  

Get SALT Encoding   

  12  0:00  Probe  
  13  0:13  Probe  
  14  0:21  Pylon  
  14  0:37  Assimilator  
  14  0:43  Gateway  
  14  0:46  Pylon  
  14  1:13  Assimilator  
  14  1:23  Zealot  
  14  1:24  Probe  
  14  1:32  Probe  
  17  1:33  Cybernetics Core  
  18  1:42  Probe  
  19  1:54  Probe  
  19  1:59  Warp Gate  
  20  2:02  Probe  
  21  2:11  Probe  
  22  2:45  Stalker  
  24  7:22  Probe  
  24  7:27  Adept  
  24  7:28  Pylon  
  27  7:30  Robotics Facility, Probe  
  28  7:40  Probe  
  28  7:42  Nexus  
  27  8:11  Observer  
  26  8:22  Stalker  
  26  8:25  Observer  
  29  8:53  Probe  
  30  9:03  Probe  
  30  9:06  Probe  
  30  9:08  Assimilator  
  31  9:13  Assimilator  
  31  9:16  Zealot  
  34  9:17  Probe  
  35  9:24  Probe  
  36  9:31  Probe  
  37  9:39  Probe  
Show
View Real Time Build Order
Export as new Build Order

RustyShacky Terran 

Build Orders:  

Get SALT Encoding   

  12  0:00  SCV  
  13  0:12  SCV  
  14  0:17  Supply Depot  
  14  0:24  SCV  
  15  0:39  SCV  
  15  0:40  Barracks  
  16  0:44  Refinery  
  16  0:51  SCV  
  17  1:03  SCV  
  18  1:15  SCV  
  19  1:27  Marine, Orbital Command  
  20  1:44  Command Center  
  20  1:55  Barracks Reactor  
  20  1:57  SCV  
  21  2:02  Supply Depot  
  21  2:09  SCV  
  21  2:15  Factory  
  22  2:21  SCV  
  23  2:24  Refinery  
  23  2:31  Marine x2  
  23  2:33  SCV  
  26  2:38  Bunker  
  26  2:45  SCV  
  29  2:57  SCV  
  30  2:58  Orbital Command  
  30  3:01  Starport  
  30  3:04  Factory Tech Lab  
  28  3:10  Supply Depot  
  28  3:11  SCV  
  29  3:20  Marine x2  
  29  3:24  SCV x2  
  33  3:35  Supply Depot  
  33  3:36  SCV x2  
  35  3:42  Barracks  
  35  3:44  Raven  
  37  3:49  Barracks  
  37  3:52  SCV  
  37  3:53  SCV  
  39  3:58  Engineering Bay  
  39  4:04  Marine, SCV  
  39  4:05  Marine, SCV  
  39  4:08  Factory Reactor  
  43  4:16  SCV  
  44  4:17  SCV  
  44  4:22  Marine  
  44  4:23  Marine  
  47  4:24  Terran Infantry Weapons Level 1  
  47  4:25  Starport Reactor  
  47  4:28  SCV  
  47  4:29  SCV  
  47  4:30  Supply Depot  
  49  4:36  Stimpack  
  49  4:37  Barracks Tech Lab  
  49  4:40  Marine, SCV  
  49  4:41  SCV  
  49  4:44  Marine x2  
  54  4:46  Widow Mine x2  
  58  4:52  Supply Depot  
  58  4:53  SCV  
  58  4:54  Refinery  
  58  4:55  SCV  
  58  4:57  Combat Shield  
  58  4:58  Marine  
  58  4:59  Marine  
  62  5:07  Marine x2  
  62  5:11  SCV x2  
  66  5:16  Marine  
  66  5:17  Marine, Refinery  
  66  5:19  Supply Depot  
  66  5:21  Medivac  
  70  5:24  Marine  
  70  5:25  Marine  
  70  5:27  Medivac  
  70  5:28  Supply Depot, SCV x2  
  76  5:34  Marine  
  78  5:41  Supply Depot, Widow Mine x2, Marauder  
  83  5:44  Marauder  
  83  5:45  Marine  
  86  5:51  Supply Depot  
  86  5:53  Medivac  
  86  5:55  Marine  
  89  5:57  Medivac  
  89  6:02  Marauder  
  89  6:03  Marine  
  94  6:05  Marauder  
  96  6:12  Supply Depot  
  96  6:13  Marine  
  96  6:14  Supply Depot  
  99  6:18  Widow Mine  
  99  6:19  Widow Mine  
  99  6:20  Marine  
  99  6:22  Terran Infantry Armor Level 1  
  99  6:24  Marauder  
  99  6:25  Concussive Shells  
  104  6:26  Marauder  
  104  6:31  Marine  
  107  6:34  Supply Depot  
  107  6:37  Supply Depot  
  107  6:38  Marine  
  108  6:41  Medivac  
  108  6:45  Marauder  
  112  6:48  Marine, Marauder, Medivac  
  117  6:56  Marine  
  117  6:59  Widow Mine x2  
  122  7:03  Supply Depot  
  122  7:04  Supply Depot  
  122  7:06  Marine x2  
  124  7:09  Marauder  
  124  7:14  Marine  
  127  7:20  Viking  
  127  7:21  Viking  
  131  7:24  Marine, Marauder  
  131  7:28  Supply Depot  
  134  7:30  Widow Mine  
  134  7:31  Widow Mine, Marauder  
  134  7:32  Supply Depot, Marine  
  141  7:42  Marine  
  142  7:46  Marauder  
  142  7:49  Marine  
  145  7:52  Marauder  
  145  7:53  Command Center  
  145  7:54  Missile Turret  
  145  7:55  Viking x2  
  151  8:00  Marine  
  152  8:07  Marine, Marauder  
  152  8:09  Widow Mine x2  
  159  8:13  Marauder  
  159  8:17  Marine  
  159  8:19  Supply Depot  
  162  8:21  Supply Depot  
  162  8:25  Marine  
  163  8:28  Armory, Engineering Bay  
  163  8:29  Marauder  
  165  8:40  Marauder  
  167  8:42  Marine  
  167  8:43  Marine  
  169  8:49  Supply Depot  
  169  8:50  Supply Depot, Marauder  
  171  8:57  Liberator  
  171  8:58  Liberator  
  171  9:00  Marine  
  171  9:01  Marine, Marauder  
  181  9:09  Barracks  
  180  9:12  Marauder  
  180  9:16  Barracks  
  184  9:17  Widow Mine  
  184  9:18  Widow Mine  
  184  9:23  Orbital Command  
  186  9:35  Marauder  
  186  9:36  Marine  
  186  9:37  Marine  
Tags
 
League
Diamond
Matchup
PvT
Spawn Locations
Cross Positions
Add a new tag
Caveats
  • Supply blocks, unpowered buildings, or Contaminate may cause inaccurate times.
  • Supply counts are checked every 10 seconds.